 Dungeon Crawl Stone Soup version 0.19-a0-1851-g3228ea0 (webtiles) character file.

57 esc the Firebug (level 3, 0/20 HPs)
             Began as a Deep Elf Fire Elementalist on Oct 10, 2016.
             Succumbed to an adder's poison
             ... on level 2 of the Dungeon.
             The game lasted 00:04:20 (1119 turns).

esc the Firebug (Deep Elf Fire Elementalist)        Turns: 1119, Time: 00:04:21

Health: 0/20       AC:  2    Str:  5    XL:     3   Next: 73%
Magic:  7/9        EV: 13    Int: 20    God:
Gold:   25         SH:  0    Dex: 15    Spells: 1 memorised, 7 levels left

rFire  . . .     SeeInvis .     l - +4 dagger (elec)
rCold  . . .     Gourm    .     a - +0 robe
rNeg   . . .     Faith    .     (no shield)
rPois  +         Spirit   .     (no helmet)
rElec  .         Dismiss  .     (no cloak)
rCorr  .         Reflect  .     (no gloves)
MR     .....     Harm     .     (no boots)
Stlth  ++........               (no amulet)
                                (no ring)
                                e - ring of poison resistance {rPois, !d}

@: lethally poisoned (0 -> -5), very slightly contaminated
A: no striking features
a: no special abilities


You were on level 2 of the Dungeon.
You were hungry.

You visited 1 branch of the dungeon, and saw 2 of its levels.

You collected 25 gold pieces.

Inventory:

Hand Weapons
 j - a +0 dagger
   (You took it off a kobold on level 1 of the Dungeon)
 l - a +4 dagger of electrocution (weapon)
   (You found it on level 1 of the Dungeon)
Missiles
 m - 73 stones (quivered)
Armour
 a - a +0 robe (worn)
Jewellery
 e - a ring of poison resistance (left hand) {rPois, !d}
   (You found it on level 1 of the Dungeon)
Wands
 o - a wand of paralysis (6/24)
   (You found it on level 2 of the Dungeon)
Scrolls
 d - 2 scrolls of identify {unknown}
 h - a scroll of enchant armour {unknown}
 p - 2 scrolls of teleportation
Potions
 f - a potion of cancellation
Books
 b - a book of Flames
Comestibles
 c - a bread ration {@e1}
 g - a royal jelly
 i - a beef jerky
 k - 5 chunks of flesh {@w0}
 n - a meat ration {@e2}


   Skills:
 + Level 1.5 Fighting
 + Level 0.8 Short Blades
 + Level 3.0 Dodging
 - Level 2.4 Stealth
 + Level 3.4 Spellcasting
 + Level 1.5 Conjurations
 + Level 3.5 Fire Magic


You had 7 spell levels left.
You knew the following spells:

 Your Spells              Type           Power        Failure   Level  Hunger
a - Flame Tongue          Conj/Fire      ##...        6%          1    None


Dungeon Overview and Level Annotations

Branches:
Dungeon (2/15)

Altars:
Xom
Zin

Annotations:
D:2 exclusion: Jessica, Jessica


Message History

You have reached level 3!
Your experience leads to an increase in your attributes!
Increase (S)trength, (I)ntelligence, or (D)exterity?
You feel clever. The bat completely misses you.
You regained 3 hp, and now have 17/20 hp.
You now have 5/9 mp.
Aim: a bat The flame tongue hits the bat.
You kill the bat!
You now have 4/9 mp.
You see here a bat corpse.
You butcher the bat corpse.
k - 5 chunks of flesh {@w0} (gained 1)
You see here a bat skeleton.
Aim: an adder The flame tongue hits the adder.
You now have 4/9 mp.
Aim: an adder (lightly wounded)
The flame tongue misses the adder.
You now have 3/9 mp.
Aim: an adder (lightly wounded)
The flame tongue hits the adder.
The adder appears unharmed.
The adder closely misses you. The adder misses you.
You now have 2/9 mp.
Aim: an adder (lightly wounded)
The flame tongue misses the adder.
The adder bites you.
You take 3 damage, and have 15/20 hp.
You now have 1/9 mp.
Aim: an adder (lightly wounded)
The flame tongue hits the adder.
You kill the adder!
You see here an adder corpse.
You butcher the adder corpse.
k - 7 chunks of flesh {@w0} (gained 2)
You start resting.
Some of the chunks of flesh in your inventory have rotted away.
Health restored: 20; MP restored: 9
p - 3 scrolls labeled VOYTOI ZAVIUPI An adder comes into view.
You see here a scroll labeled OWOSHR AJIRASIF.
The adder hisses angrily.
The adder bites you.
You are poisoned.
The adder poisons you! The adder bites you.
You take 5 damage, and have 15/20 hp.
MASSIVE DAMAGE!!
Aim: an adder The flame tongue misses the adder.
You feel sick. The adder closely misses you.
You now have 8/9 mp.
Aim: an adder The flame tongue hits the adder.
You feel sick. The adder bites you.
You are lethally poisoned!
The adder poisons you!
You take 6 damage, and have 9/20 hp.
MASSIVE DAMAGE!!
You now have 7/9 mp.
It was a potion of cancellation.
You feel magically purged. The adder closely misses you.
The adder barely misses you.
As you read the scroll labeled VOYTOI ZAVIUPI, it crumbles to dust.
You feel strangely unstable.
It was a scroll of teleportation.
You feel sick. The adder misses you.
You take 1 damage, and have 8/20 hp.
Aim: an adder (severely wounded)
You miscast Flame Tongue.
You are very lightly contaminated with residual magic.
Nothing appears to happen.
You feel sick. The adder completely misses you.
You take 1 damage, and have 7/20 hp.
You now have 6/9 mp.
Aim: an adder (severely wounded)
The flame tongue hits the adder.
You kill the adder!
Your Dodging skill increases to level 3!
Your surroundings suddenly seem different.
You are feeling hungry.
* * * LOW HITPOINT WARNING * * *
You feel sick.
You take 1 damage, and have 6/20 hp.
You now have 5/9 mp.
Okay, then.
* * * LOW HITPOINT WARNING * * *
You feel sick.
You take 1 damage, and have 5/20 hp.
* * * LOW HITPOINT WARNING * * *
You feel sick.
You take 1 damage, and have 4/20 hp.
* * * LOW HITPOINT WARNING * * *
You feel sick.
You take 1 damage, and have 3/20 hp.
Found a stone staircase leading down.
* * * LOW HITPOINT WARNING * * *
You feel sick.
You take 1 damage, and have 2/20 hp.
* * * LOW HITPOINT WARNING * * *
You feel sick.
You take 1 damage, and have 1/20 hp.
Okay, then.
Okay, then.
* * * LOW HITPOINT WARNING * * *
You feel sick.
You take 1 damage, and have 1/20 hp.
Okay, then.
You die...

.............. ##....#
#.... ###.....####....
#####....#..........
#...................
#####..........#........
#.......................
#..................(....
#......@####.#####..#.##
#............# ##....#
#.......###### ###...
#.......# #... #....?...
.... #........ #########


There were no monsters in sight!

Vanquished Creatures
  3 adders (D:2)
  A dart slug (D:1)
  A leopard gecko (D:1)
  5 bats
  2 giant cockroaches
  5 goblins (D:1)
  A hobgoblin (D:1)
  3 frilled lizards (D:1)
  3 kobolds (D:1)
  3 rats (D:1)
27 creatures vanquished.

Notes
Turn   | Place    | Note
-------+----------+-------------------------------------------
     0 | D:1      | esc the Deep Elf Fire Elementalist began the quest for the Orb.
     0 | D:1      | Reached XP level 1. HP: 10/10 MP: 6/6
   371 | D:1      | Reached XP level 2. HP: 16/16 MP: 6/8
   390 | D:1      | Reached skill level 1 in Fighting
   944 | D:2      | Found a glowing silver altar of Zin.
   946 | D:2      | Noticed an angel
   950 | D:2      | Found a shimmering altar of Xom.
   985 | D:2      | Noticed Jessica
   995 | D:2      | Reached XP level 3. HP: 17/20 MP: 5/9
  1102 | D:2      | Reached skill level 3 in Dodging
  1104 | D:2      | HP: 5/20 [poisoned by an adder]
  1110 | D:2      | HP: 2/20 [poisoned by an adder]
  1116 | D:2      | HP: 1/20 [poisoned by an adder]
  1119 | D:2      | Succumbed to an adder's poison

Vault maps used:
D:1:      doesnt_arrival_eight_statues
D:2:      grunt_temple_overflow_order_and_chaos_1, old_standard_altar,
          uniq_jessica, uniq_sigmund

Skill      XL: |  1  2  3 |
---------------+----------+-----
Fighting       | 1 |  1.5
Dodging        | 3 |  3.0
Short Blades   | |  0.8
Stealth        | |  2.4
Spellcasting   | |  3.4
Conjurations   | |  1.5
Fire Magic     | |  3.5

Action                   || total
-------------------------++-------
Melee: Unarmed           ||     9
       Dagger            ||    24
 Cast: Flame Tongue      ||    32
  Use: Scroll            ||     1
       Potion            ||     1
 Stab: Sleeping          ||     3
Armor: Robe              ||    14
Dodge: Dodged            ||    47

Vault maps used:
D:1:      doesnt_arrival_eight_statues
D:2:      grunt_temple_overflow_order_and_chaos_1, old_standard_altar,
          uniq_jessica, uniq_sigmund

Table legend:
 A = Turns spent in this place as a percentage of turns spent in the entire game.
 B = Non-inter-level travel turns spent in this place as a percentage of non-inter-level travel turns spent in the entire game.
 C = Inter-level travel turns spent in this place as a percentage of turns spent in this place.
 D = Turns resting spent in this place as a percentage of non-inter-level travel turns spent in this place.
 E = Turns spent auto-exploring this place as a percentage of non-inter-level travel turns spent in this place.
 F = Non-inter-level travel turns spent in this place divided by the number of levels of this place that you've seen.
                   A       B       C       D       E      F
               +-------+-------+-------+-------+-------+----------------------
         Total | 100.0 | 100.0 |   0.3 |   1.4 |  12.0 | 146.0
       Dungeon | 100.0 | 100.0 |   0.3 |   1.4 |  12.0 | 146.0
               +-------+-------+-------+-------+-------+----------------------

Table legend:
 A = Kills in this place as a percentage of kills in entire the game.
 B = Kills by you in this place as a percentage of kills by you in the entire game.
 C = Kills by friends in this place as a percentage of kills by friends in the entire game.
 D = Other kills in this place as a percentage of other kills in the entire game.
 E = Experience gained in this place as a percentage of experience gained in the entire game.
 F = Experience gained in this place divided by the number of levels of this place that you have seen.
                   A       B       C       D       E      F
               +-------+-------+-------+-------+-------+----------------------
         Total | 100.0 | 100.0 |  -nan |  -nan | 100.0 |  41.0
       Dungeon | 100.0 | 100.0 |  -nan |  -nan | 100.0 |  41.0
               +-------+-------+-------+-------+-------+----------------------
